Cogmind - Beta 16.1 @@@ ROGUE MODE // 2026.03.01 @ 21:47:07 Player: the Result: Destroyed by P-80 Master with Gamma Rifle Performance ------------- Evolutions (9) 4500 Regions Visited (26) 5200 Robots Destroyed (452) 2260 Value Destroyed (19334) 19334 Prototype IDs (104) 2080 Alien Tech Used (0) 0 Bonus (8979) 8979 TOTAL SCORE: 42353 Bonus ------- High Alert Combat Kills 1728 Follower Combat Kills 276 Entered Garrisons 200 Entered DSFs 500 Aligned with FarCom 300 Destroyed Z-Imprinter 1000 Triggered Deep Caves Wall 500 Exposed GOLEM Chamber 500 Acquired ECA 300 Met Warlord at Base 500 MAIN.C Attacked Warlord 500 Warlord Defense Kills 1500 Met Warlord at Research 2000 Friendly Fire -825 Cogmind --------- Core Integrity 0/1600 Matter 280/300 Energy 100/100 System Corruption 14% Temperature Cool (59) Movement Core (50) Location -1/Command Parts ------- > --- POWER (4) -------- (None) > --- PROPULSION (4) --- (None) > --- UTILITY (14) ----- (None) > --- WEAPON (3) ------- (None) > --- INVENTORY (5) ---- Centrium Heavy Armor Plating GOLEM Unit Chronowheel Peak State ------------ > --- POWER ------------ Assembled Flux Generator Quantum Reactor Reinforced Quantum Reactor > --- PROPULSION ------- Enhanced Biometal Leg Assembled Alloy Leg Assembled Alloy Leg Centrium Leg > --- UTILITY ---------- Assembled Nanovents Large Storage Unit Assembled Biocell Array Enhanced Optical Array Assembled Combat Suite Assembled Alloy Armor Experimental Shock Absorption System Advanced Hacking Suite Advanced Hacking Suite Experimental Hacking Suite Improved System Shield Advanced System Shield GOLEM Unit > --- WEAPON ----------- Assembled Focal Cannon Assembled Focal Cannon Assembled Focal Cannon > --- INVENTORY -------- Quantum Reactor Vortex Chain Reactor Zionite Biocell Zionite Biocell Superbattery Energy Filter Advanced Weapon Cycler Centrium Heavy Armor Plating GOLEM Unit Chronowheel Ragnarok Missile Launcher [Rating: 209] Favorites ----------- Power Assembled Flux Generator Engine Light Deuterium Engine Power Core Nuclear Core Reactor Assembled Flux Generator Propulsion Assembled Alloy Leg Treads Light Treads Leg Assembled Alloy Leg Wheel Armored Huge Wheel Hover Unit Combat Linear Gravjet Flight Unit Field Propulsion Array Utility Large Storage Unit Device Assembled Nanovents Storage Large Storage Unit Processor Advanced Targeting Computer Hackware Hacking Suite Protection Assembled Alloy Armor Weapon Assembled Focal Cannon Energy Gun Particle Gun Energy Cannon Assembled Focal Cannon Ballistic Gun Gauss Rifle Ballistic Cannon Light Cannon Launcher Advanced EMP Blaster Special Weapon RU-N14's Throwing Claymores Impact Weapon Impact Mace Slashing Weapon Scythe Special Melee Weapon Improved Datajack Build | -11 -10 -10 -9 -9 -9 -8 -8 -8 -7 -7 -6 -6 -6 -6 -6 -5 -5 -5 -4 -4 -4 -3 -3 -2 -1 -1 ------- Run | Yrd Mat Min Mat Min Exi Min Mat Gar Fac Sto Fac Low Low Zio Dee Pro Fac DSF Fac Upp War Pro Res Res Acc Com Slots Evolved 18 | . . . 2 . . . 2 . 2 . 2 . . . . . 2 . 2 . . . 2 2 2 . Power 3 | . . . . . . . 1 . . . . . . . . . . . . . . . . 1 1 . Propulsion 2 | . . . . . . . . . . . . . . . . . . . 1 . . . 1 . . . Utility 12 | . . . 1 . . . 1 . 2 . 2 . . . . . 2 . 1 . . . 1 1 1 . Weapon 1 | . . . 1 . . . . . . . . . . . . . . . . . . . . . . . Parts Attached 216 | 8 10 2 33 1 1 . 34 6 12 17 9 1 2 10 17 . . 4 12 . 3 . 1 20 6 7 Power 38 | 1 2 . 3 . . . 13 2 3 1 2 . 1 . 3 . . . 1 . . . . 3 1 2 Engine 14 | 1 1 . 2 . . . 6 . 1 1 1 . 1 . . . . . . . . . . . . . Core 15 | . 1 . 1 . . . 7 2 2 . 1 . . . . . . . 1 . . . . . . . Reactor 9 | . . . . . . . . . . . . . . . 3 . . . . . . . . 3 1 2 Propulsion 30 | 2 1 . 6 1 . . 7 2 1 . . . . . . . . . 1 . 2 . . 4 . 3 Treads 17 | 2 1 . 6 1 . . 7 . . . . . . . . . . . . . . . . . . . Leg 7 | . . . . . . . . . . . . . . . . . . . 1 . 2 . . 4 . . Wheel 3 | . . . . . . . . 2 1 . . . . . . . . . . . . . . . . . Hover 1 | . . . . . . . . . . . . . . . . . . . . . . . . . . 1 Flight 2 | . . . . . . . . . . . . . . . . . . . . . . . . . . 2 Utility 81 | 2 2 2 6 . . . 5 . 4 3 6 1 . 9 13 . . 3 7 . . . 1 11 5 1 Device 40 | 1 . 2 4 . . . 2 . 1 2 4 1 . . 4 . . 2 5 . . . . 8 3 1 Storage 10 | 1 2 . 1 . . . 1 . . . . . . 1 2 . . . 1 . . . . . 1 . Processor 9 | . . . . . . . 1 . 1 . . . . 6 . . . 1 . . . . . . . . Hackware 10 | . . . 1 . . . 1 . 1 . 1 . . 1 . . . . 1 . . . 1 2 1 . Protection 12 | . . . . . . . . . 1 1 1 . . 1 7 . . . . . . . . 1 . . Artifact . | . . . . . . . . . . . . . . . . . . . . . . . . . . . Weapon 67 | 3 5 . 18 . 1 . 9 2 4 13 1 . 1 1 1 . . 1 3 . 1 . . 2 . 1 Energy Gun 12 | 2 3 . 3 . . . . . . 2 . . . . . . . 1 . . 1 . . . . . Energy Cannon 10 | . . . 5 . . . . . 2 1 1 . . . . . . . . . . . . . . 1 Ballistic Gun 11 | 1 . . 1 . . . 6 1 1 1 . . . . . . . . . . . . . . . . Ballistic Cannon 14 | . 2 . 7 . . . . . . 5 . . . . . . . . . . . . . . . . Launcher 10 | . . . 1 . . . 2 . . 4 . . 1 . . . . . . . . . . 2 . . Special Weapon 5 | . . . . . . . . 1 . . . . . 1 1 . . . 2 . . . . . . . Impact Weapon 2 | . . . 1 . . . . . 1 . . . . . . . . . . . . . . . . . Slashing Weapon 2 | . . . . . . . 1 . . . . . . . . . . . 1 . . . . . . . Piercing Weapon . | . . . . . . . . . . . . . . . . . . . . . . . . . . . Special Melee Weapon 1 | . . . . . 1 . . . . . . . . . . . . . . . . . . . . . Unidentified Prototypes 35 | . . 1 2 . . . . . 3 4 . . . 6 6 . . 1 1 . 2 . . 6 2 1 Corrupted Parts 3 | . . . . . . . . 2 . . . . 1 . . . . . . . . . . . . . System Corruption 21 | . . . . . . . . 19 . . . . 2 . . . . . . . . . . . . . Parts Lost 72 | . 4 . . . . . 2 3 1 3 2 . 2 . 9 . . 1 9 . 13 1 . 5 1 16 Power 14 | . 1 . . . . . . 2 . . 1 . 2 . 2 . . . 2 . 1 . . . . 3 Propulsion 7 | . 1 . . . . . . . . . . . . . . . . . . . 1 . . . . 5 Utility 34 | . . . . . . . 2 . . 2 . . . . 7 . . 1 5 . 7 1 . 4 1 4 Weapon 17 | . 2 . . . . . . 1 1 1 1 . . . . . . . 2 . 4 . . 1 . 4 Highest Loss Streak 11 | . 4 . . . . . 1 1 1 1 2 . 2 . 4 . . 1 4 . 8 1 . 5 1 11 To Critical Strikes 1 | . . . . . . . . . . . . . . . . . . . . . . . . . . 1 Average Backups 13 | 2 9 12 14 14 14 15 14 14 13 13 13 13 14 18 12 12 13 12 12 13 12 11 11 11 11 9 Power . | . . . . 1 1 1 . . . . . . . . . 1 1 1 . 1 1 1 1 1 2 1 Propulsion . | . . . 1 1 2 2 1 . 1 1 1 1 1 1 . 2 2 2 . 1 . . . . . . Utility 6 | . 4 7 4 5 5 5 6 8 8 7 5 7 7 7 6 5 6 6 8 10 9 9 9 7 7 5 Weapon 3 | 1 2 4 5 5 5 4 4 3 1 3 5 4 4 8 4 3 3 2 1 . . . . . . . Tool/Special . | . . . . . . . . . . . . . . . . . . . . . . . . . . . Unused Backups 43 | . 1 1 5 . . . 8 5 2 . 2 . . 1 8 . . . 2 . . . 1 2 . 5 Power 4 | . . . . . . . 1 . . . . . . . 1 . . . 1 . . . . . . 1 Propulsion 3 | . . . 2 . . . 1 . . . . . . . . . . . . . . . . . . . Utility 24 | . . . 2 . . . 3 3 2 . 1 . . 1 5 . . . 1 . . . 1 2 . 3 Weapon 9 | . 1 . 1 . . . 3 2 . . 1 . . . 1 . . . . . . . . . . . Tool/Special 3 | . . 1 . . . . . . . . . . . . 1 . . . . . . . . . . 1 Average Slot Usage (%) 89 | . 98 100 99 100 100 100 98 97 91 90 91 86 84 66 81 86 87 87 88 88 81 87 84 88 89 65 Engine 3 | . 6 14 5 11 11 11 5 2 1 7 5 6 5 6 1 . . . . . . . . . . . Core 3 | . 6 . 5 . . . 12 14 13 7 6 6 4 . . . . . . . . . . . . . Reactor 2 | . . . . . . . . . . . . . . . 5 6 5 5 4 5 4 5 4 7 9 8 Treads 7 | . 27 28 21 22 22 22 17 14 . . . . . . . . . . . . . . . . . . Leg 5 | . . . . . . . . . . . . . . . 5 13 11 11 15 15 14 15 14 16 16 11 Wheel 1 | . . . . . . . . 1 7 7 6 6 6 6 3 . . . . . . . . . . . Device 14 | . 14 14 11 11 11 11 8 9 2 7 13 19 19 13 13 20 28 27 24 25 23 25 26 21 16 11 Storage 9 | . 14 14 11 11 11 11 9 9 7 7 6 6 6 6 9 13 11 11 10 10 10 10 9 8 8 5 Processor 4 | . . . . . . . 1 9 12 7 6 6 6 7 6 . . 1 5 5 5 5 4 4 4 2 Hackware 9 | . . . 10 11 11 11 15 9 15 14 12 . . 5 6 6 5 5 5 5 5 5 5 11 20 14 Protection 4 | . . . . . . . . . 6 6 12 13 13 13 9 6 5 4 4 5 4 5 4 4 4 2 Energy Cannon 10 | . . . 9 33 22 32 11 . 4 3 6 6 6 1 9 20 17 16 14 15 11 14 14 12 11 8 Ballistic Gun 3 | . 11 . . . . . 14 21 15 3 . . . . . . . . . . . . . . . . Ballistic Cannon 3 | . 2 28 21 . . . . . . 7 . 6 7 3 4 . . . . . . . . . . . Launcher 1 | . . . . . . . . 3 . 8 10 6 4 . . . . . . . . . . . . . Peak Build Rating 209 | 7 12 17 23 23 24 24 38 44 55 57 63 65 66 74 130 127 152 150 161 161 161 166 175 197 209 208 Average Rating 84 | 4 9 9 17 23 23 23 30 40 52 53 60 64 64 58 98 126 144 146 154 158 146 163 173 190 198 148 On Entrance 84 | . 7 9 10 23 23 24 24 38 44 55 52 62 65 64 74 127 127 145 141 159 141 127 166 169 193 203 Avg Prop Armor Cover (%) 3 | . . . . . . . . . . . . . . . . . . . . . . 4 . . 3 . Naked Turns 90 | . . . . . . . . . . . . . . . . . . . . . . . . . . 90 Heaviest Build 168 | 14 32 32 41 39 39 39 50 52 67 67 68 76 76 117 124 115 117 121 122 120 120 115 117 146 168 168 Greatest Support 140 | 40 40 40 40 40 40 40 54 54 37 28 28 28 28 28 60 60 80 80 104 104 104 110 110 140 140 120 Greatest Overweight (x) 4 | . 1 . 1 . . . 1 1 2 2 2 2 2 4 4 1 1 2 2 1 1 1 1 1 1 1 Average Overweight (x) . | . . . . . . . . . 1 2 1 2 2 2 1 1 1 1 . . . . 1 . . . Largest Inventory Capacity 25 | 8 15 15 15 15 15 15 15 15 15 15 15 15 15 25 25 15 15 15 15 15 15 15 15 15 15 15 Average Capacity 15 | 5 14 15 15 15 15 15 15 15 15 15 15 15 15 23 15 15 15 15 14 15 15 15 15 15 15 12 Most Carried 24 | 4 12 15 15 15 15 15 15 15 15 15 15 15 15 24 22 15 15 15 15 15 15 15 15 15 15 15 Average Carried 14 | 2 9 12 14 14 14 14 14 14 14 14 14 14 15 19 13 14 15 14 14 15 14 14 14 14 14 11 Final Capacity 25 | 8 15 15 15 15 15 15 15 15 15 15 15 15 15 25 15 15 15 15 15 15 15 15 15 15 15 5 Final Carried 22 | 4 12 13 14 15 15 15 15 15 15 15 15 15 15 22 15 15 15 15 15 15 15 15 13 15 15 5 Class Distribution -------------------- 25% | Golem 19% | Mutant 15% | Gunner 9% | Hacker-Skirmisher 8% | Skirmisher 6% | Wizard-Golem 5% | Hacker-Golem Dominant Class ---------------- Mutant | -10/Materials Mutant | -10/Mines Gunner | -9/Materials Gunner | -9/Mines Mutant | -9/Exiles Skirmisher | -8/Mines Hacker-Skirmisher | -8/Materials Skirmisher | -8/Garrison Hacker-Mutant | -7/Factory Hacker-Skirmisher | -7/Storage Hacker-Gunner | -6/Factory Gunner | -6/Lower Caves Gunner | -6/Lower Caves Mutant | -6/Zion Golem | -6/Deep Caves Golem | -5/Proximity Caves Golem | -5/Factory Golem | -5/DSF Golem | -4/Factory Golem | -4/Upper Caves Golem | -4/Warlord Golem | -3/Proximity Caves Golem | -3/Research Hacker-Golem | -2/Research Wizard-Golem | -1/Access Wizard-Golem | -1/Command Resources | -11 -10 -10 -9 -9 -9 -8 -8 -8 -7 -7 -6 -6 -6 -6 -6 -5 -5 -5 -4 -4 -4 -3 -3 -2 -1 -1 ----------- Run | Yrd Mat Min Mat Min Exi Min Mat Gar Fac Sto Fac Low Low Zio Dee Pro Fac DSF Fac Upp War Pro Res Res Acc Com Matter Collected 8552 | 307 320 162 1416 10 10 40 1513 938 259 935 398 4 357 172 506 . . 25 260 118 40 . 10 286 333 133 Remotely . | . . . . . . . . . . . . . . . . . . . . . . . . . . . Salvage Created 21465 | 155 765 83 2115 109 . 123 2075 1525 543 1601 874 . 249 . 1472 1164 19 315 1787 173 728 384 188 1873 2217 928 Parts 1099 | 17 52 15 135 9 . 12 111 70 29 95 41 . 7 . 33 41 3 27 81 11 14 31 15 65 131 54 Haulers Intercepted 19 | . 1 . 6 . . . 4 . 1 4 2 . . . . . . . . . . . . . 1 . Recyclers Shooed 14 | . 3 . 1 . . . 3 . . 1 3 . . . . . . . 1 . . . . 1 1 . Parts Field Recycled . | . . . . . . . . . . . . . . . . . . . . . . . . . . . Retrieved Matter . | . . . . . . . . . . . . . . . . . . . . . . . . . . . Parts Self-Destructed 87 | . . . . . . . . . . . . . 2 5 . 44 . . . 5 . 31 . . . . Prevented 6 | . . . . . . . . . . . . . 5 . . . . . . 1 . . . . . . Parts Restored . | . . . . . . . . . . . . . . . . . . . . . . . . . . . Kills | -11 -10 -10 -9 -9 -9 -8 -8 -8 -7 -7 -6 -6 -6 -6 -6 -5 -5 -5 -4 -4 -4 -3 -3 -2 -1 -1 ------- Run | Yrd Mat Min Mat Min Exi Min Mat Gar Fac Sto Fac Low Low Zio Dee Pro Fac DSF Fac Upp War Pro Res Res Acc Com Combat Hostiles Destroyed 363 | . 17 7 37 . . 3 29 26 7 23 10 . 7 . 57 17 . 8 24 3 10 9 2 22 30 15 Melee 4 | . . . . . . . . . . . . . . . 4 . . . . . . . . . . . Guns 58 | . 16 . 2 . . . 21 8 4 7 . . . . . . . . . . . . . . . . Cannons 186 | . 1 7 32 . . 1 8 . 3 4 1 . 3 . 6 17 . 3 18 3 10 9 2 22 21 15 AOE 99 | . . . 3 . . 2 . 14 . 8 7 . 3 . 43 . . 5 6 . . . . . 8 . Classes Destroyed 30 | 2 7 . 4 . . . 1 2 2 . . . . . 4 1 . . . 1 3 . . 3 . . Worker 19 | . 1 . 7 . . 1 3 . 1 2 1 . . . . . . . 3 . . . . . . . Builder 29 | . 3 . 5 1 . . 5 . . 4 2 . . . . . . . 4 . . . . . 5 . Tunneler 11 | 4 . 2 1 1 . 1 1 . . . . . . . . . . . 1 . . . . . . . Hauler 19 | . 1 . 6 . . . 4 . 1 4 2 . . . . . . . . . . . . . 1 . Recycler 22 | 1 . . 7 1 . 1 4 . 1 3 1 . . . . . . . 1 . . . . . 2 . Minesweeper 1 | . . . . . . . . . . . . . . . . 1 . . . . . . . . . . Mechanic 1 | . . . 1 . . . . . . . . . . . . . . . . . . . . . . . Operator 5 | . 1 . 1 . . . . . . 1 . . . . . . 1 . 1 . . . . . . . Drone 1 | . . . . . . . . . . . . . . . . . . . . . . . . 1 . . Watcher 21 | . 2 . 5 . . . 3 . . 2 . . . . . . . . 5 . . . . . 2 2 Swarmer 76 | . 3 6 12 . . 3 4 10 . 4 4 . . . . . . 5 . 3 . 7 . 1 8 6 Grunt 97 | . 14 1 13 . . . 14 4 3 5 4 . 5 . . 12 . . 9 . 3 . . 6 4 . Brawler 6 | . . . . . . . 2 . . . . . 1 . . 3 . . . . . . . . . . Duelist 9 | . . . 2 . . . 2 . . . . . 1 . . 1 . . 1 . 1 . . . 1 . Protector 1 | . . . 1 . . . . . . . . . . . . . . . . . . . . . . . Sentry 42 | . . . 9 . . . 7 7 . 10 1 . . . . 1 . . 2 . . . 1 1 2 1 Demolisher 4 | . . . . . . . . . . . . . . . . . . . . . 2 . . 2 . . Specialist 4 | . . . . . . . . . 2 . . . . . . . . 2 . . . . . . . . Hunter 17 | . . . . . . . . 1 . 1 . . . . . . . . 8 . . . . 5 1 1 Programmer 39 | . . . . . . . . 4 1 3 1 . . . . . . . 4 . 2 2 . 3 12 7 Heavy 4 | . . . . . . . . . 1 . . . . . . . . 1 . . . . 1 . 1 . Behemoth 3 | . . . . . . . . . . . . . . . . . . . . . 1 . . 1 1 . Striker 2 | . . . . . . . . . . . . . . . . . . . . . . . . 2 . . Executioner 1 | . . . . . . . . . . . . . . . . . . . . . 1 . . . . . Z-Light 11 | . . . . . . . . . . . . . . . 11 . . . . . . . . . . . Decomposer 1 | . . . . . . . . . . . . . 1 . . . . . . . . . . . . . Samaritan 1 | . . . . . . . . . . . . . . . . . . . . 1 . . . . . . Assembler 2 | . . . . . . . . . . . . . . . 2 . . . . . . . . . . . Assembled 38 | . . . . . . . . . . . . . . . 38 . . . . . . . . . . . Golem 7 | . . . . . . . . . . . . . . . 7 . . . . . . . . . . . Thug 1 | . . . . . . . . . . . . . . . . . . . . 1 . . . . . . Guerrilla 1 | . . . . . . . . . . . . . . . . . . . . . . . . 1 . . Troll 1 | . . . . . . . . . . . . . . . . . . . . . . . . 1 . . Best Kill Streak 39 | 3 4 4 8 2 . 3 6 8 6 7 9 . 4 . 39 7 1 5 14 3 4 4 1 4 7 5 Combat Bots Only 37 | . 4 3 5 . . 3 6 8 5 5 4 . 4 . 37 7 . 5 8 3 4 4 1 4 7 5 Max Kills in Single Turn 30 | 1 2 2 2 1 . 2 2 3 1 3 2 . 1 . 30 1 1 5 3 1 1 1 1 1 4 2 Gunslinging 1 | . 1 . . . . . . . . . . . . . . . . . . . . . . . . . Exploded 30 | . . . 1 . . 2 . 3 . 2 2 . 1 . 30 . . 5 1 . . . . . 4 . Melee 1 | . . . . . . . . . . . . . . . 1 . . . . . . . . . . . Uniques/NPCs Destroyed 1 | . . . . . . . . . . . . . . . 1 . . . . . . . . . . . Z-Imprinter (-6/Deep Caves) Combat | -11 -10 -10 -9 -9 -9 -8 -8 -8 -7 -7 -6 -6 -6 -6 -6 -5 -5 -5 -4 -4 -4 -3 -3 -2 -1 -1 -------- Run | Yrd Mat Min Mat Min Exi Min Mat Gar Fac Sto Fac Low Low Zio Dee Pro Fac DSF Fac Upp War Pro Res Res Acc Com Hostile Shots Fired 1850 | . 82 43 118 . . 19 94 76 33 205 32 19 9 . 88 44 . 19 200 4 195 30 14 87 76 363 Missed 627 | . 20 11 34 . . 6 29 20 7 87 14 6 2 . 19 15 . 4 76 1 73 12 3 34 32 122 Hits 1223 | . 62 32 84 . . 13 65 56 26 118 18 13 7 . 69 29 . 15 124 3 122 18 11 53 44 241 Melee 11 | . . . 4 . . . 1 . . . . . . . . 1 . . . . . . . 4 . 1 Projectile 1212 | . 62 32 80 . . 13 64 56 26 118 18 13 7 . 69 28 . 15 124 3 122 18 11 49 44 240 AOE 12 | . . . . . . . . . . 1 . . . . . . . . . . . . . 11 . . Critical Strikes 54 | . . 1 2 . . . 5 3 3 3 . . 1 . . . . . 10 . 5 . . 3 6 12 Part Disruptions 2 | . . . . . . . . . . . . . . . . . . . . . . 1 . . 1 . Damage Taken 22336 | . 743 279 928 . . 103 933 896 545 1060 239 83 240 . 2293 497 . 237 2234 34 2776 341 546 1698 1014 4617 Core 3765 | . 153 45 144 . . 33 118 149 60 131 54 . 18 . 517 . . . 169 . 341 38 17 168 40 1570 Absorbed by Shields 448 | . . . 96 . . . . 70 14 268 . . . . . . . . . . . . . . . . Redirected to Shielding 208 | . . . . . . . . . . . . 34 11 . 163 . . . . . . . . . . . Ignored by Resistances 1981 | . . . . . . . . . . . . . . . . 100 . 50 472 8 394 70 102 223 203 359 Regen/Repaired (Parts) 625 | . 120 . 116 . . . 106 . . . . . . . . . . . 283 . . . . . . . Core Remaining (%) 66 | 100 . 20 . . . 55 . 51 . 72 . . . . . 30 . 100 . . . 52 98 88 . . Volleys Fired 1108 | 9 80 19 120 4 . 12 107 78 24 70 21 1 16 3 44 31 1 7 106 5 36 17 22 98 113 64 Largest 3 | 2 2 2 3 3 . 3 3 3 3 3 3 1 2 1 3 3 3 3 3 3 3 3 3 3 3 3 Hottest 208 | 60 130 60 204 204 . 204 204 100 208 170 110 36 130 90 180 75 75 75 75 75 75 75 75 75 95 75 Shots Fired 2539 | 18 158 38 350 12 . 34 318 134 60 157 38 1 21 3 80 91 3 17 220 16 93 51 40 202 259 125 Gun 554 | 18 152 . 20 . . . 218 87 29 30 . . . . . . . . . . . . . . . . Cannon 1828 | . 6 38 327 12 . 33 100 . 31 81 11 . 10 3 73 91 3 16 211 16 93 51 40 202 255 125 Launcher 143 | . . . 3 . . 1 . 47 . 46 27 1 11 . 2 . . 1 . . . . . . 4 . Special 14 | . . . . . . . . . . . . . . . 5 . . . 9 . . . . . . . Kinetic 798 | 9 80 38 213 . . . 218 87 29 96 4 . 8 . 16 . . . . . . . . . . . Thermal 1584 | 9 78 . 134 12 . 33 100 . 31 15 7 . 2 3 57 91 3 16 211 16 93 51 40 202 255 125 Explosive 28 | . . . 3 . . 1 . . . . . . 3 . 7 . . 1 9 . . . . . 4 . Electromagnetic 129 | . . . . . . . . 47 . 46 27 1 8 . . . . . . . . . . . . . Robot Hit Streak 44 | 7 6 4 11 12 . 7 13 11 11 15 7 . 4 . 9 38 1 7 19 2 9 7 15 10 21 44 Robot Miss Streak 9 | 2 6 5 9 3 . 4 6 4 2 3 1 . 2 . 4 2 1 1 4 2 5 2 1 2 2 2 Penetration Max 1 | . . . . . . . 1 1 1 1 . . . . . . . . . . . . . . . . Secondary Targets 4 | . 2 . . . . . 2 . . . . . . . . . . . . . . . . . . . Max Gunslinging Chain 1 | . 1 . . . . . 1 . . . . . . . . . . . . . . . . . . . Shots Hit Robots 1302 | 11 90 17 172 6 4 18 173 60 42 81 7 . 5 . 51 63 1 7 117 6 50 20 19 101 103 78 Core Hits 769 | 6 35 9 80 1 . 6 79 43 14 68 27 . 26 . 114 23 1 13 58 4 23 9 5 42 58 25 Critical Kills 5 | . . . . . . . . . . 1 . . . . 4 . . . . . . . . . . . Critical Parts Destroyed 5 | . . . . . . . . . . . . . . . 5 . . . . . . . . . . . Critical Strikes 35 | . 3 2 4 . . . . . . 10 . . . . 13 . . . 3 . . . . . . . Burn 2 | . 2 . . . . . . . . . . . . . . . . . . . . . . . . . Meltdown 1 | . . . . . . . . . . . . . . . 1 . . . . . . . . . . . Destroy 1 | . . . . . . . . . . 1 . . . . . . . . . . . . . . . . Blast 18 | . 1 2 4 . . . . . . 9 . . . . 2 . . . . . . . . . . . Smash 9 | . . . . . . . . . . . . . . . 9 . . . . . . . . . . . Sever 4 | . . . . . . . . . . . . . . . 1 . . . 3 . . . . . . . Melee Attacks 92 | . . . 16 . 4 1 4 33 10 . . . . . 24 . . . . . . . . . . . Impact 43 | . . . 16 . . . 3 . . . . . . . 24 . . . . . . . . . . . Slashing 44 | . . . . . . . 1 33 10 . . . . . . . . . . . . . . . . . Piercing . | . . . . . . . . . . . . . . . . . . . . . . . . . . . Sneak Attacks 8 | . . . 1 . 4 1 . . 2 . . . . . . . . . . . . . . . . . Combat Hostiles . | . . . . . . . . . . . . . . . . . . . . . . . . . . . Follow-up Attacks . | . . . . . . . . . . . . . . . . . . . . . . . . . . . Damage Inflicted 58442 | 132 1307 335 3836 142 . 442 3498 4048 1159 3616 1416 9 990 . 5423 2955 52 527 8240 428 2648 1027 856 4836 6778 3742 Guns 5994 | 132 1206 . 245 . . . 2207 1323 409 472 . . . . . . . . . . . . . . . . Cannons 36828 | . 69 335 3207 123 . 356 1127 . 590 1584 251 . 137 . 860 2955 52 319 6183 428 2648 1027 856 4836 5169 3716 Explosions 12676 | . . . 226 . . 86 143 1745 . 1560 1165 9 853 . 3306 . . 208 1810 . . . . . 1565 . Melee 2405 | . . . 121 . . . . 980 160 . . . . . 1144 . . . . . . . . . . . Ramming 183 | . 32 . 37 19 . . 21 . . . . . . . . . . . 4 . . . . . 44 26 Kinetic 8766 | 49 545 335 1819 . . . 2207 1323 409 1632 100 . 137 . 210 . . . . . . . . . . . Thermal 34430 | 83 730 . 1633 123 . 356 1127 78 590 463 293 . . . 650 2955 52 319 6298 428 2648 1027 856 4836 5169 3716 Explosive 8022 | . . . 226 . . 86 143 . . 162 . . 640 . 3306 . . 208 1686 . . . . . 1565 . Electromagnetic 4280 | . . . . . . . . 1667 . 1359 1023 9 213 . . . . . 9 . . . . . . . Impact 1265 | . . . 121 . . . . . . . . . . . 1144 . . . . . . . . . . . Slashing 1496 | . . . . . . . . 980 160 . . . . . 113 . . . 243 . . . . . . . Piercing . | . . . . . . . . . . . . . . . . . . . . . . . . . . . Highest Corruption 24 | . . . . . . . 2 24 2 3 1 1 3 3 . . . . 7 7 7 1 . 6 3 14 Average Corruption 4 | . . . . . . . 2 7 1 2 1 1 1 3 . . . . 5 7 7 1 . 5 2 4 Corruption Purged 3 | . . . . . . . . . . 3 . . . . . . . . . . . . . . . . Corruption Blocked . | . . . . . . . . . . . . . . . . . . . . . . . . . . . Effects 209 | . . . . . . . 13 59 5 6 . 5 6 1 . . . . 37 17 1 5 . 21 12 21 Message Errors 62 | . . . . . . . 5 25 . 2 . 1 1 . . . . . 13 3 . 2 . 4 4 2 Matter Fused 45 | . . . . . . . 1 8 2 4 . 3 2 . . . . . 3 5 . . . 6 4 7 Heat Flow Errors 20 | . . . . . . . 2 5 1 . . . 1 . . . . . 4 2 . . . 2 . 3 Energy Discharges 18 | . . . . . . . 2 5 . . . . . . . . . . 2 2 1 2 . 1 1 2 Parts Rejected 4 | . . . . . . . . 2 . . . . . . . . . . 1 . . . . 1 . . Data Loss (minor) 27 | . . . . . . . 1 8 1 . . 1 2 1 . . . . 7 1 . 1 . 2 1 1 Data Loss (major) 11 | . . . . . . . 1 3 1 . . . . . . . . . . 1 . . . 1 1 3 Misfires 8 | . . . . . . . . 1 . . . . . . . . . . 3 2 . . . 1 . 1 Alerts 7 | . . . . . . . 1 1 . . . . . . . . . . 1 1 . . . 2 1 . Misdirections 2 | . . . . . . . . . . . . . . . . . . . . . . . . . . 2 Weapon Failures 5 | . . . . . . . . 1 . . . . . . . . . . 3 . . . . 1 . . Overload Shots 22 | . . . . . . . . . 2 6 2 . 1 3 8 . . . . . . . . . . . Overflow Damage 2796 | . 4 . 139 11 . 1 31 50 30 105 58 . 19 . 610 212 . . 547 47 57 131 7 166 537 34 Projectiles 1699 | . 4 . 26 11 . 1 31 . . 70 13 . . . 142 212 . . 529 47 57 131 7 166 218 34 Explosions 507 | . . . 12 . . . . 26 . 35 45 . 19 . 54 . . . 18 . . . . . 298 . Melee 590 | . . . 101 . . . . 24 30 . . . . . 414 . . . . . . . . . 21 . Knockbacks 29 | . . 3 7 1 . . . . . 8 2 . 1 . 7 . . . . . . . . . . . Impact 8 | . . . 1 1 . . . . . . . . . . 6 . . . . . . . . . . . Kinetic 19 | . . 2 6 . . . . . . 8 1 . 1 . 1 . . . . . . . . . . . Secondary 2 | . . 1 . . . . . . . . 1 . . . . . . . . . . . . . . . Self-Inflicted Damage 533 | . . . . . . . . 184 . 38 82 . 111 . . . . . 111 . . . . . . 7 Shots 19 | . . . . . . . . 9 . 3 2 . 3 . . . . . 2 . . . . . . . Rammed 15 | . 4 1 5 2 . . 2 . . . . . . . . . . . . . . . . . . 1 Targets Rammed 21 | . 4 1 5 3 . . 3 . . . . . . . . . . . 1 . . . . . 2 2 Kicked 4 | . . . . . . . . . . . . . . . . . . . 1 . . . . . 2 1 Crushed 2 | . . . . 1 . . 1 . . . . . . . . . . . . . . . . . . . Highest Temperature 430 | . 255 12 430 144 . 244 368 227 247 368 120 . 240 397 340 . . 298 256 133 12 . . 306 72 350 Average Temperature 84 | . 80 9 84 60 . 71 92 55 72 90 46 . 55 173 110 . . 180 88 51 12 . . 126 8 112 Received Heat Transfer 3301 | . 378 36 254 . . . 486 145 45 187 . 12 81 . 429 231 . 42 199 . 230 . 18 384 18 126 Effects 21 | . 1 . 5 . . . 8 . . 4 . . . . . . . . 1 . . . . . . 2 Shutdowns 3 | . . . . . . . 1 . . 2 . . . . . . . . . . . . . . . . Energy Bleed 3 | . . . . . . . 1 . . . . . . . . . . . 1 . . . . . . 1 Interference 11 | . 1 . 3 . . . 5 . . 2 . . . . . . . . . . . . . . . . Matter Decay 1 | . . . . . . . 1 . . . . . . . . . . . . . . . . . . . Short Circuit 3 | . . . 2 . . . . . . . . . . . . . . . . . . . . . . 1 Siege Activations . | . . . . . . . . . . . . . . . . . . . . . . . . . . . Martial Activations . | . . . . . . . . . . . . . . . . . . . . . . . . . . . Shielding Activations . | . . . . . . . . . . . . . . . . . . . . . . . . . . . Robots Disrupted 1 | . . . . . . . . 1 . . . . . . . . . . . . . . . . . . Combat Hostiles 1 | . . . . . . . . 1 . . . . . . . . . . . . . . . . . . Robots Corrupted 19 | . . . 1 . . . . 7 . 4 2 . 1 . 3 . . . . . . . . . 1 . Combat Hostiles 14 | . . . . . . . . 4 . 4 2 . 1 . 3 . . . . . . . . . . . Parts Fried 32 | . . . 1 . . . . 6 . 15 7 . . . . . . . . . . . . . 3 . Impact Corruptions 13 | . . . 4 . . . . . . . . . . . 8 . . . . . . . . . 1 . Robots Melted 2 | . . . . . . . . . . . . . . . 1 . . . . . . . . . 1 . Combat Hostiles 2 | . . . . . . . . . . . . . . . 1 . . . . . . . . . 1 . Parts Melted 48 | . 3 . 5 1 . 1 5 . 2 . . . . . 1 2 . . 8 . 6 1 . 3 6 4 Heat Transferred 23918 | 175 1865 . 3000 222 . 629 2035 50 766 509 311 . . . 498 1625 25 175 2900 225 1199 525 475 2448 2468 1793 Parts Sabotaged 1 | . . . . . . . . . . . . . . . . . . . . . . . . . . 1 Parts Stolen . | . . . . . . . . . . . . . . . . . . . . . . . . . . . Parts Stripped . | . . . . . . . . . . . . . . . . . . . . . . . . . . . Power Chain Reactions 24 | . . . . . . . . 7 . 9 6 . 1 . . . . . 1 . . . . . . . Alert | -11 -10 -10 -9 -9 -9 -8 -8 -8 -7 -7 -6 -6 -6 -6 -6 -5 -5 -5 -4 -4 -4 -3 -3 -2 -1 -1 ------- Run | Yrd Mat Min Mat Min Exi Min Mat Gar Fac Sto Fac Low Low Zio Dee Pro Fac DSF Fac Upp War Pro Res Res Acc Com Maximum Alert Level 5 | . . . 3 1 . . 2 5 3 1 1 . . . . . . 1 2 . . . . 1 3 3 Low Security (%) 57 | 100 100 100 55 76 . 100 71 . . 74 95 . . . . . 100 32 44 . . . 100 79 10 . Level 1 14 | . . . 27 23 . . 22 3 . 25 4 . . . . . . 67 10 . . . . 20 10 . Level 2 13 | . . . 14 . . . 6 5 68 . . . . . . . . . 44 . . . . . 24 53 Level 3 9 | . . . 3 . . . . 28 31 . . . . . . . . . . . . . . . 54 46 Level 4 2 | . . . . . . . . 29 . . . . . . . . . . . . . . . . . . Level 5 2 | . . . . . . . . 32 . . . . . . . . . . . . . . . . . . High Security . | . . . . . . . . . . . . . . . . . . . . . . . . . . . Max Security . | . . . . . . . . . . . . . . . . . . . . . . . . . . . Sterilizations 1 | . . . . . . . . . . . . . . . . . . 1 . . . . . . . . Peak Influence 1769 | 10 162 100 747 289 . 83 549 1769 932 376 210 . . . . . 9 211 599 . . . 57 241 916 918 Initial 928 | . . 25 3 289 . . . 355 928 237 163 . . . . . . . 110 . . . 18 31 136 556 Average 313 | 1 76 34 242 107 . 10 120 1237 683 165 145 . . . . . 1 160 292 . . . 7 101 640 689 Influence Increases 12331 | 25 558 195 1428 15 . 113 1023 1504 279 983 478 15 190 . . 428 14 221 1035 121 455 210 113 796 1296 836 Destroy 0b10 Robot/C 6320 | . 340 140 720 . . 60 580 680 140 460 200 . 140 . . 360 . 160 480 100 200 180 40 440 600 300 Destroy 0b10 Robot/NC 670 | 25 40 10 170 15 . 15 100 25 15 80 30 . . . . 5 5 . 75 . . . . . 50 10 Destroy Leader 1290 | . 76 30 212 . . 10 144 30 42 182 44 . 20 . . 30 . 20 110 10 . 30 20 80 136 64 Allied During Kill 90 | . . . . . . . . 60 . . 1 . . . . 18 . . . 11 . . . . . . Successful Hack 183 | . 11 . 46 . . . 16 . 42 14 10 . . . . . 5 . 19 . . . 8 . 12 . Select Force Hacks 150 | . 60 . 30 . . . 60 . . . . . . . . . . . . . . . . . . . Disable Machine 600 | . . . 75 . . 15 45 75 30 135 15 . . . . . . 15 120 . . . . 15 45 15 Anti-Garrison Action 750 | . . . . . . . . 450 . . 150 . . . . . . . . . . . . . 150 . Destroy Structure 1198 | . 1 . 40 . . 13 18 94 10 97 13 . . . . . 4 26 216 . . . 30 231 303 102 Partial Spotted 75 | . . . 15 . . . 15 15 . . . . . . . . . . . . . . . . . 30 Lose Combat Pursuer 1005 | . 30 15 120 . . . 45 75 . 15 15 15 30 . . 15 . . 15 . 255 . 15 30 . 315 Influence Decreases 11425 | 25 493 251 693 759 . 113 476 282 1525 1146 737 116 182 8 . 428 14 10 699 486 536 283 84 626 653 800 Entered New Map 3092 | . . 40 6 455 . . . 192 841 286 197 38 . 8 . . . . 101 204 182 101 10 26 91 314 Time Decay 6622 | 25 443 211 687 304 . 113 339 . 374 530 350 78 162 . . 389 14 . 508 262 224 172 74 495 542 326 Lost Part 625 | . 40 . . . . . 20 30 10 30 20 . 20 . . . . 10 90 . 130 10 . 45 10 160 Lost Ally 229 | . 10 . . . . . 10 60 . . 20 . . . . 39 . . . 20 . . . 60 10 . Purge Threat 857 | . . . . . . . 107 . 300 300 150 . . . . . . . . . . . . . . . Squads Dispatched 72 | . 4 1 6 . . . 5 . 4 8 9 . . . . 1 . 1 6 . . . 2 2 12 11 Investigation 11 | . 2 1 1 . . . 2 . . . 1 . . . . . . . 1 . . . . . 1 2 Extermination 17 | . . . . . . . . . 2 3 2 . . . . . . . 3 . . . . . 4 3 Reinforcement 28 | . 2 . 4 . . . 3 . 2 2 4 . . . . . . 1 2 . . . 2 2 1 3 Assault 9 | . . . 1 . . . . . . . 2 . . . . 1 . . . . . . . . 2 3 Garrison 7 | . . . . . . . . . . 3 . . . . . . . . . . . . . . 4 . Intercept . | . . . . . . . . . . . . . . . . . . . . . . . . . . . Searches Triggered . | . . . . . . . . . . . . . . . . . . . . . . . . . . . Construction Impeded 7 | . . . 2 . . . 1 . . 1 1 . . . . . . . 1 . . . . . 1 . Haulers Reinforced 2 | . . . . . . . . . . . 1 . . . . . . . . . . . . 1 . . Active Scanning Responses . | . . . . . . . . . . . . . . . . . . . . . . . . . . . Cargo Convoy Interrupts . | . . . . . . . . . . . . . . . . . . . . . . . . . . . Stealth | -11 -10 -10 -9 -9 -9 -8 -8 -8 -7 -7 -6 -6 -6 -6 -6 -5 -5 -5 -4 -4 -4 -3 -3 -2 -1 -1 --------- Run | Yrd Mat Min Mat Min Exi Min Mat Gar Fac Sto Fac Low Low Zio Dee Pro Fac DSF Fac Upp War Pro Res Res Acc Com Distress Signals 34 | . . . 5 . . . 6 1 . 1 . . . . . . . . 4 . 1 . . 9 6 1 Communications Jammed 17 | . . . . . . . . . . 16 . . . . . . . . 1 . . . . . . . Distress Signals 17 | . . . . . . . . . . 16 . . . . . . . . 1 . . . . . . . Times Spotted 561 | . 28 9 61 . . 3 38 33 10 26 6 1 10 . 57 18 . 7 34 5 72 9 4 37 37 56 Peak Tracking Total 37 | . 3 3 5 . . 3 5 4 3 5 3 1 4 . 37 7 . 5 5 4 18 3 3 7 6 14 Tactical Retreats 38 | . 2 1 4 . . . 3 4 . 1 1 1 1 . 3 1 . . 1 . 5 . 1 1 . 8 Traps | -11 -10 -10 -9 -9 -9 -8 -8 -8 -7 -7 -6 -6 -6 -6 -6 -5 -5 -5 -4 -4 -4 -3 -3 -2 -1 -1 ------- Run | Yrd Mat Min Mat Min Exi Min Mat Gar Fac Sto Fac Low Low Zio Dee Pro Fac DSF Fac Upp War Pro Res Res Acc Com Traps Triggered 16 | . . . . . . . 1 3 . 1 1 . . . . . . 4 2 . . . 1 . . 3 Indirectly 3 | . . . . . . . . 1 . 1 1 . . . . . . . . . . . . . . . Trap Hack Attempts . | . . . . . . . . . . . . . . . . . . . . . . . . . . . Triggered . | . . . . . . . . . . . . . . . . . . . . . . . . . . . Disarmed . | . . . . . . . . . . . . . . . . . . . . . . . . . . . Reprogrammed . | . . . . . . . . . . . . . . . . . . . . . . . . . . . Reused . | . . . . . . . . . . . . . . . . . . . . . . . . . . . Traps Extracted . | . . . . . . . . . . . . . . . . . . . . . . . . . . . Installed 5 | . . . . 5 . . . . . . . . . . . . . . . . . . . . . . Triggered . | . . . . . . . . . . . . . . . . . . . . . . . . . . . Machines | -11 -10 -10 -9 -9 -9 -8 -8 -8 -7 -7 -6 -6 -6 -6 -6 -5 -5 -5 -4 -4 -4 -3 -3 -2 -1 -1 ---------- Run | Yrd Mat Min Mat Min Exi Min Mat Gar Fac Sto Fac Low Low Zio Dee Pro Fac DSF Fac Upp War Pro Res Res Acc Com Machines Disabled 58 | . . . 5 . . 1 3 9 2 9 2 . . 3 2 . . 1 8 1 5 1 . 1 4 1 Max in Single Turn 2 | . . . 1 . . 1 2 1 1 2 1 . . 1 1 . . 1 1 1 1 1 . 1 1 1 Garrison Access 3 | . . . . . . . . . . . 1 . . . . . . . . . . . . 1 1 . Garrison Relay 4 | . . . . . . . . 4 . . . . . . . . . . . . . . . . . . Machines Repaired . | . . . . . . . . . . . . . . . . . . . . . . . . . . . Machines Dismantled 1 | . . . . . . . . 1 . . . . . . . . . . . . . . . . . . Machines Sabotaged . | . . . . . . . . . . . . . . . . . . . . . . . . . . . Overloaded Fab Kills . | . . . . . . . . . . . . . . . . . . . . . . . . . . . Hacking | -11 -10 -10 -9 -9 -9 -8 -8 -8 -7 -7 -6 -6 -6 -6 -6 -5 -5 -5 -4 -4 -4 -3 -3 -2 -1 -1 --------- Run | Yrd Mat Min Mat Min Exi Min Mat Gar Fac Sto Fac Low Low Zio Dee Pro Fac DSF Fac Upp War Pro Res Res Acc Com Machines Accessed 89 | . 9 1 16 . 2 . 13 1 10 8 5 . . . . . 3 . 7 1 1 . 2 . 6 4 Terminals 58 | . 6 . 11 . . . 9 1 7 6 4 . . . . . 2 . 2 . . . 1 . 6 3 Fabricators 1 | . . . . . . . . . . . . . . . . . . . 1 . . . . . . . Repair Stations 7 | . 1 . 2 . . . 1 . . 1 . . . . . . . . 1 . . . . . . 1 Recycling Units 11 | . 2 . 1 . . . 2 . 2 1 . . . . . . . . 3 . . . . . . . Scanalyzers 6 | . . . 2 . . . . . 1 . 1 . . . . . 1 . . . . . 1 . . . Garrison Access 1 | . . . . . . . 1 . . . . . . . . . . . . . . . . . . . Total Hacks 251 | . 16 1 56 . 2 . 36 3 29 19 21 . . . . . 7 . 12 6 5 . 3 . 15 20 Successful 163 | . 9 1 41 . 2 . 21 . 15 14 13 . . . . . 4 . 10 6 5 . 1 . 8 13 Failed 88 | . 7 . 15 . . . 15 3 14 5 8 . . . . . 3 . 2 . . . 2 . 7 7 Catastrophic 13 | . 1 . 1 . . . 1 . . 2 3 . . . . . 1 . 1 . . . . . 1 2 Database Lockouts . | . . . . . . . . . . . . . . . . . . . . . . . . . . . Manual 125 | . 11 . 35 . 1 . 25 . 14 10 9 . . . . . 1 . 4 . . . 2 . 5 8 Terminals 182 | . 11 . 43 . . . 27 3 21 16 16 . . . . . 6 . 3 . . . 2 . 15 19 Fabricators 3 | . . . . . . . . . . . . . . . . . . . 3 . . . . . . . Repair Stations 14 | . 2 . 4 . . . 2 . . 2 . . . . . . . . 3 . . . . . . 1 Recycling Units 17 | . 3 . 3 . . . 5 . 2 1 . . . . . . . . 3 . . . . . . . Scanalyzers 19 | . . . 6 . . . . . 6 . 5 . . . . . 1 . . . . . 1 . . . Garrison Access 2 | . . . . . . . 2 . . . . . . . . . . . . . . . . . . . Terminal Hacks 85 | . 3 1 15 . 2 . 7 . 7 9 6 . . . . . 2 . 1 6 5 . . . 8 13 Record 20 | . . . . . 1 . . . . . . . . . . . . . . 6 . . . . 1 12 Part Schematic 3 | . . . . . . . . . 3 . . . . . . . . . . . . . . . . . Robot Analysis 4 | . . . 2 . . . . . . . . . . . . . . . . . . . . . 2 . Prototype ID Bank 14 | . 1 . 4 . . . 1 . . 3 . . . . . . . . . . 5 . . . . . Open Door 6 | . . 1 . . . . . . . 1 . . . . . . . . . . . . . . 4 . Open DSF 1 | . . . . . . . . . . . . . . . . . 1 . . . . . . . . . Branch Access Points 4 | . . . . . . . . . . . 1 . . . . . 1 . 1 . . . . . 1 . Terminal Index 3 | . . . 1 . . . 1 . . 1 . . . . . . . . . . . . . . . . Alert Level 6 | . . . 1 . . . 1 . 1 2 1 . . . . . . . . . . . . . . . Unreport Threat 7 | . . . . . . . 2 . 2 2 1 . . . . . . . . . . . . . . . Locate Traps 5 | . . . 2 . . . 1 . . . 2 . . . . . . . . . . . . . . . Hauler Manifests 3 | . 1 . 1 . . . . . . . 1 . . . . . . . . . . . . . . . Registered Components 3 | . 1 . 1 . . . 1 . . . . . . . . . . . . . . . . . . . Registered Prototypes 1 | . . . . . . . . . 1 . . . . . . . . . . . . . . . . . Zone Layout 4 | . . . 3 . . . . . . . . . . . . . . . . . . . . . . 1 Proto ID Catalog 1 | . . . . . 1 . . . . . . . . . . . . . . . . . . . . . Fabricator Hacks 2 | . . . . . . . . . . . . . . . . . . . 2 . . . . . . . Load Schematic 1 | . . . . . . . . . . . . . . . . . . . 1 . . . . . . . Build 1 | . . . . . . . . . . . . . . . . . . . 1 . . . . . . . Repair Station Hacks 9 | . 2 . 2 . . . 2 . . 1 . . . . . . . . 2 . . . . . . . Scan Component 5 | . 1 . 1 . . . 1 . . 1 . . . . . . . . 1 . . . . . . . Repair 4 | . 1 . 1 . . . 1 . . . . . . . . . . . 1 . . . . . . . Recycling Unit Hacks 7 | . . . 1 . . . . . 2 1 . . . . . . . . 3 . . . . . . . Retrieve Components 7 | . . . 1 . . . . . 2 1 . . . . . . . . 3 . . . . . . . Scanalyzer 15 | . . . 6 . . . . . 3 . 5 . . . . . 1 . . . . . . . . . Insert Component 7 | . . . 3 . . . . . 1 . 2 . . . . . 1 . . . . . . . . . Analyze 6 | . . . 3 . . . . . . . 3 . . . . . . . . . . . . . . . Retrieve Study 2 | . . . . . . . . . 2 . . . . . . . . . . . . . . . . . Garrison Access Hacks 1 | . . . . . . . 1 . . . . . . . . . . . . . . . . . . . Unlock Access 1 | . . . . . . . 1 . . . . . . . . . . . . . . . . . . . Unauthorized Hacks 44 | . 4 . 17 . . . 11 . 3 3 2 . . . . . 1 . 2 . . . 1 . . . Terminals 38 | . 2 . 16 . . . 9 . 3 3 2 . . . . . 1 . 1 . . . 1 . . . Assimilate 6 | . 1 . 2 . . . 1 . 2 . . . . . . . . . . . . . . . . . Botnet 17 | . 1 . 4 . . . 3 . 1 3 2 . . . . . 1 . 1 . . . 1 . . . Operators 1 | . . . 1 . . . . . . . . . . . . . . . . . . . . . . . Skim 14 | . . . 9 . . . 5 . . . . . . . . . . . . . . . . . . . Fabricators 1 | . . . . . . . . . . . . . . . . . . . 1 . . . . . . . Prioritize 1 | . . . . . . . . . . . . . . . . . . . 1 . . . . . . . Repair Stations . | . . . . . . . . . . . . . . . . . . . . . . . . . . . Recycling Units 5 | . 2 . 1 . . . 2 . . . . . . . . . . . . . . . . . . . Tunnel 5 | . 2 . 1 . . . 2 . . . . . . . . . . . . . . . . . . . Scanalyzers . | . . . . . . . . . . . . . . . . . . . . . . . . . . . Garrison Access . | . . . . . . . . . . . . . . . . . . . . . . . . . . . Data Cores Recovered 1 | . . . . . . . . . . . . . . . . . 1 . . . . . . . . . Used . | . . . . . . . . . . . . . . . . . . . . . . . . . . . Hacking Detections 70 | . 6 . 15 . . . 13 1 8 7 5 . . . . . 2 . 4 . . . 2 . 3 4 Full Trace Events 2 | . . . . . . . . 1 . . . . . . . . . . . . . . . . . 1 Feedback Events . | . . . . . . . . . . . . . . . . . . . . . . . . . . . Feedback Blocked . | . . . . . . . . . . . . . . . . . . . . . . . . . . . Robot Schematics Acquired . | . . . . . . . . . . . . . . . . . . . . . . . . . . . Robots Built . | . . . . . . . . . . . . . . . . . . . . . . . . . . . Authchips . | . . . . . . . . . . . . . . . . . . . . . . . . . . . Time . | . . . . . . . . . . . . . . . . . . . . . . . . . . . Total Robot Build Rating . | . . . . . . . . . . . . . . . . . . . . . . . . . . . Part Schematics Acquired 7 | . . . 3 . . . . . 3 . 1 . . . . . . . . . . . . . . . Parts Built 2 | . . . . . . . . . . . . . . . . . . . 2 . . . . . . . Authchips 1 | . . . . . . . . . . . . . . . . . . . 1 . . . . . . . Time 21 | . . . . . . . . . . . . . . . . . . . 21 . . . . . . . Total Part Build Rating 8 | . . . . . . . . . . . . . . . . . . . 8 . . . . . . . Part Studies Acquired 2 | . . . . . . . . . 2 . . . . . . . . . . . . . . . . . Parts Repaired 4 | . 1 . 1 . . . 1 . . . . . . . . . . . 1 . . . . . . . Time 97 | . 26 . 26 . . . 32 . . . . . . . . . . . 13 . . . . . . . Parts Recycled . | . . . . . . . . . . . . . . . . . . . . . . . . . . . Recycled Matter . | . . . . . . . . . . . . . . . . . . . . . . . . . . . Retrieved Matter . | . . . . . . . . . . . . . . . . . . . . . . . . . . . Retrieved Components 20 | . . . 10 . . . . . 4 . . . . . . . . . 6 . . . . . . . Parts Scanalyzed 5 | . . . 3 . . . . . . . 2 . . . . . . . . . . . . . . . Part Schematics Acquired 4 | . . . 3 . . . . . . . 1 . . . . . . . . . . . . . . . Parts Damaged . | . . . . . . . . . . . . . . . . . . . . . . . . . . . Bothacking | -11 -10 -10 -9 -9 -9 -8 -8 -8 -7 -7 -6 -6 -6 -6 -6 -5 -5 -5 -4 -4 -4 -3 -3 -2 -1 -1 ------------ Run | Yrd Mat Min Mat Min Exi Min Mat Gar Fac Sto Fac Low Low Zio Dee Pro Fac DSF Fac Upp War Pro Res Res Acc Com Used RIF Installer . | . . . . . . . . . . . . . . . . . . . . . . . . . . . Robots Hacked 4 | . . . . . 4 . . . . . . . . . . . . . . . . . . . . . Non-combat 3 | . . . . . 3 . . . . . . . . . . . . . . . . . . . . . Combat 1 | . . . . . 1 . . . . . . . . . . . . . . . . . . . . . Robot Hacks Applied 4 | . . . . . 4 . . . . . . . . . . . . . . . . . . . . . parse_system 4 | . . . . . 4 . . . . . . . . . . . . . . . . . . . . . Relay Couplers Released 26 | . . . . . . . . 20 . . 3 . . . . . . . . . . . . 1 2 . Machine Destruction 22 | . . . . . . . . 16 . . 3 . . . . . . . . . . . . 1 2 . Programmers 4 | . . . . . . . . 4 . . . . . . . . . . . . . . . . . . Fabnet Peak Effective % . | . . . . . . . . . . . . . . . . . . . . . . . . . . . Robots Rewired 6 | . . . . . . . . 3 . . 1 . . . . 2 . . . . . . . . . . Allies Hacked . | . . . . . . . . . . . . . . . . . . . . . . . . . . . Hacks Repelled . | . . . . . . . . . . . . . . . . . . . . . . . . . . . Allies | -11 -10 -10 -9 -9 -9 -8 -8 -8 -7 -7 -6 -6 -6 -6 -6 -5 -5 -5 -4 -4 -4 -3 -3 -2 -1 -1 -------- Run | Yrd Mat Min Mat Min Exi Min Mat Gar Fac Sto Fac Low Low Zio Dee Pro Fac DSF Fac Upp War Pro Res Res Acc Com Total Allies 18 | . 1 . . 2 . . 1 5 1 . 1 . . 3 . 2 . . . 2 . . . . . . Largest Group 5 | . 1 . . 2 2 . 1 5 1 1 1 . . 3 3 2 . . . 2 . . . . . . Highest-Rated Group 128 | . 10 . . 53 53 . 10 128 26 26 32 . . 65 65 60 . . . 75 . . . . . . Highest-Rated Ally 46 | . 10 . . 31 31 . 10 31 26 26 32 . . 31 31 30 . . . 46 . . . . . . Initial Warlord ECA Mod 14 | . . . . . . . . . 7 7 6 6 6 6 6 5 5 5 14 14 14 13 13 12 11 11 Total Orders 8 | . . . . . . . . 2 . 2 . . . . . . . . . . . . . 2 2 . STAY 2 | . . . . . . . . 1 . 1 . . . . . . . . . . . . . . . . FOLLOW 2 | . . . . . . . . 1 . 1 . . . . . . . . . . . . . . . . EXPLORE 4 | . . . . . . . . . . . . . . . . . . . . . . . . 2 2 . Ally Attacks 81 | . . . . . . . . 32 . . 2 . . . 38 5 . . . 4 . . . . . . Total Damage 1330 | . . . . . . . . 591 . . 35 . . . 428 147 . . . 129 . . . . . . Kills 14 | . . . . . . . . 9 . . . . . . 2 1 . . . 2 . . . . . . Allies Corrupted . | . . . . . . . . . . . . . . . . . . . . . . . . . . . Allies Melted 1 | . . . . . . . . . . . . . . . . . . . . . . . . 1 . . Intel | -11 -10 -10 -9 -9 -9 -8 -8 -8 -7 -7 -6 -6 -6 -6 -6 -5 -5 -5 -4 -4 -4 -3 -3 -2 -1 -1 ------- Run | Yrd Mat Min Mat Min Exi Min Mat Gar Fac Sto Fac Low Low Zio Dee Pro Fac DSF Fac Upp War Pro Res Res Acc Com Active Infowar (turns) 16105 | 59 1382 623 1964 . . . . . . 1009 777 531 479 . . . . 77 1809 563 1221 1292 412 1831 1555 521 Optics 9281 | . . . . . . . . . . . . . . . . . . 77 1809 563 1221 1292 412 1831 1555 521 Sensors 3 | . . 2 1 . . . . . . . . . . . . . . . . . . . . . . . Seismic 4026 | 59 1382 621 1964 . . . . . . . . . . . . . . . . . . . . . . . Jamming 3027 | . . . . . . . . . . 1009 777 531 479 . . . . . 53 . . . 23 155 . . Robot Analysis Total 4 | . . . 2 . . . . . . . . . . . . . . . . . . . . . 2 . Derelict Logs Recovered 7 | . . 1 . 2 . . . . . . . 1 1 . . 2 . . . . . . . . . . Drone Launches 9 | . . . . . . . . . . . . . . . . . . . . . . . . 7 2 . Drone Recoveries 1 | . . . . . . . . . . . . . . . . . . . . . . . . . 1 . Exploration | -11 -10 -10 -9 -9 -9 -8 -8 -8 -7 -7 -6 -6 -6 -6 -6 -5 -5 -5 -4 -4 -4 -3 -3 -2 -1 -1 ------------- Run | Yrd Mat Min Mat Min Exi Min Mat Gar Fac Sto Fac Low Low Zio Dee Pro Fac DSF Fac Upp War Pro Res Res Acc Com Turns Passed 33324 | 159 1397 623 2977 849 833 699 3424 1862 869 1486 786 532 652 1666 3298 1280 195 325 1809 563 1221 1292 412 1831 1555 729 Spaces Moved 16938 | 74 676 348 1366 514 517 360 1331 1020 658 790 578 438 505 1224 1613 397 103 149 650 212 609 276 160 1029 702 639 Core 173 | 1 . . . . . . . . . . . . . . . . . . . . . . . . . 172 Treads 5948 | 73 676 348 1366 514 517 360 1331 763 . . . . . . . . . . . . . . . . . . Legs 5014 | . . . . . . . . . . . . . . . 540 397 103 149 650 212 609 276 160 1029 702 187 Wheels 5523 | . . . . . . . . 257 658 790 578 438 505 1224 1073 . . . . . . . . . . . Hover 3 | . . . . . . . . . . . . . . . . . . . . . . . . . . 3 Flight 277 | . . . . . . . . . . . . . . . . . . . . . . . . . . 277 Fastest Speed 37 | 50 160 160 160 160 160 160 152 115 105 120 105 120 120 105 105 180 180 180 136 136 120 120 176 130 130 37 Average Speed 148 | 158 161 160 160 160 160 160 198 142 108 120 119 120 120 131 141 180 180 181 187 188 151 175 176 140 148 81 Slowest Speed 260 | 160 240 160 240 160 160 160 240 152 120 120 120 120 120 150 180 180 180 210 260 195 195 176 176 180 180 185 Overloaded Moves . | . . . . . . . . . . . . . . . . . . . . . . . . . . . Propulsion Burnouts . | . . . . . . . . . . . . . . . . . . . . . . . . . . . Robots Hopped 6 | . . . . . . . . . . . . . . . . . . . . . . . . . . 6 Potential Cave-ins 18 | . . . . . . . . . . . . . . . . . . . . . 2 . . 6 10 . Cave-ins Triggered . | . . . . . . . . . . . . . . . . . . . . . . . . . . . Exploration Rate (%) 54 | 4 96 70 94 58 71 68 83 76 18 87 16 60 73 82 83 64 2 89 24 24 69 46 8 58 27 33 Regions Visited 26 Branch Regions 14 Pre-discovered Areas 11 | . 2 . 1 . 1 . 3 . . . . 2 1 1 . . . . . . . . . . . . Known Exits Taken 9 | . . . . . . 1 1 . 1 1 1 1 . . . . 1 . 1 . . . . . 1 . Unknown Exits Taken 15 | 1 1 1 1 1 1 . . . . . . . 1 1 1 1 . . . 1 1 1 1 1 . . Scrap Searched 14 | . . 1 . 2 . 3 . . . . . . 1 3 . 2 . . . 2 . . . . . . Spaces Dug 184 | . . . 10 . . . 4 7 8 . 4 . 9 . 5 . . . 18 . 2 6 10 21 69 11 Terrain Destroyed 883 | . . . 33 . . 13 13 26 9 83 11 . 57 . 94 24 1 15 122 5 12 43 20 88 173 41 Melee 23 | . . . 10 . . . 4 . 7 . . . . . 2 . . . . . . . . . . . Projectile 470 | . . . . . . . . 5 2 30 . . 1 . 18 24 1 8 74 5 12 27 20 79 123 41 AOE 390 | . . . 23 . . 13 9 21 . 53 11 . 56 . 74 . . 7 48 . . 16 . 9 50 . Terrain Rammed . | . . . . . . . . . . . . . . . . . . . . . . . . . . . Walls Destroyed . | . . . . . . . . . . . . . . . . . . . . . . . . . . . Machines Disabled . | . . . . . . . . . . . . . . . . . . . . . . . . . . . Actions | -11 -10 -10 -9 -9 -9 -8 -8 -8 -7 -7 -6 -6 -6 -6 -6 -5 -5 -5 -4 -4 -4 -3 -3 -2 -1 -1 --------- Run | Yrd Mat Min Mat Min Exi Min Mat Gar Fac Sto Fac Low Low Zio Dee Pro Fac DSF Fac Upp War Pro Res Res Acc Com Total 23061 | 94 822 375 1855 529 523 456 1911 1239 749 1189 640 445 538 1275 2527 897 112 193 1102 367 836 1050 259 1280 1033 765 Wait 3982 | . 34 . 237 3 . 79 363 37 22 280 3 . 11 11 738 440 3 1 274 140 177 749 70 96 175 39 Move 16899 | 73 675 347 1365 513 516 359 1331 1017 657 789 577 437 504 1223 1612 396 102 148 649 211 608 275 159 1028 701 627 Hop 6 | . . . . . . . . . . . . . . . . . . . . . . . . . . 6 Pick Up 176 | 4 13 3 23 . 1 1 20 12 7 7 5 2 . 8 20 3 . 2 23 . 2 2 2 7 5 4 Fast Attach 100 | 7 2 . 8 . . . 5 4 4 3 2 1 2 12 16 . 2 2 8 2 3 . . 7 3 7 Attach 72 | . 4 . 6 . . . 6 4 5 3 5 1 . 3 12 . . 1 10 . 1 . 1 3 4 3 Detach 29 | . . . 1 . . . 1 . 1 3 . . . 2 . . . 1 7 . 1 . . 4 7 1 Swap 193 | 1 5 3 38 1 1 3 34 20 9 22 10 . 4 . 9 . . 2 3 . . . 1 15 11 1 Drop 293 | . 5 2 36 . 1 1 37 14 10 11 4 3 1 13 47 8 4 9 21 9 8 7 4 20 12 6 Fire 1108 | 9 80 19 120 4 . 12 107 78 24 70 21 1 16 3 44 31 1 7 106 5 36 17 22 98 113 64 Melee 92 | . . . 16 . 4 1 4 33 10 . . . . . 24 . . . . . . . . . . . Ram 1 | . . . . . . . . . . . . . . . . . . . . . . . . . . 1 Kick 4 | . . . . . . . . . . . . . . . . . . . 1 . . . . . 2 1 Crush 16 | . 4 1 5 3 . . 3 . . . . . . . . . . . . . . . . . . . Escape Stasis 33 | . . . . . . . . 8 . . . . . . . . . 20 . . . . . . . 5 Rewire 42 | . . . . . . . . 4 . 1 13 . . . 5 19 . . . . . . . . . . Trap 5 | . . . . 5 . . . . . . . . . . . . . . . . . . . . . . Miscellaneous 10 | . . . . . . . . 8 . . . . . . . . . . . . . . . 2 . . Route ------- -11/Scrapyard -10/Materials (discovered 3 exits: *Mat x2 / *Min) -10/Mines (discovered 3 exits: *Mat x2 / [*Sub]) -9/Materials (discovered 5 exits: *Mat x3 / [*Min x2]) -9/Mines (discovered 3 exits: *Mat x2 / *Exi) -9/Exiles -8/Mines (discovered 2 exits: *Mat x2) -8/Materials (discovered 4 exits: *Fac x3 / Gar) -8/Garrison (discovered 3 exits: *Fac x3) -7/Factory (discovered 4 exits: *Fac / *Sto x2 / [*Low]) -7/Storage (discovered 2 exits: *Fac / Rec) -6/Factory (discovered 4 exits: *Low x2 / Ext x2) -6/Lower Caves -6/Lower Caves (discovered 2 exits: *Fac / [*Zio]) -6/Zion (discovered 2 exits: [*Dee] / [*Pro]) -6/Deep Caves -5/Proximity Caves -5/Factory (discovered 4 exits: *Fac / Upp x2 / DSF) -5/DSF -4/Factory (discovered 3 exits: *Upp x2 / Arm) -4/Upper Caves -4/Warlord -3/Proximity Caves -3/Research -2/Research (discovered 3 exits: *Acc / *Tes x2) -1/Access (discovered 2 exits: [*Sur] / *Com) -1/Command History --------- Turn | Location | Event 7 | -11/Scrapyard | Discovered new exit (range 15) 160 | -11/Scrapyard | Entered Materials 308 | -10/Materials | Build established: Mutant 507 | -10/Materials | Discovered new exit (range 5) 1026 | -10/Materials | Discovered new exit (range 8) 1279 | -10/Materials | Core integrity fell below 50% 1336 | -10/Materials | Lost 4 parts (1p1n2w) 1376 | -10/Materials | Discovered new exit (range 10) 1421 | -10/Materials | Repaired Lgt. Treads 1557 | -10/Materials | Entered Mines 1601 | -10/Mines | Learned Materials emergency access door positions 1601 | -10/Mines | Discovered new exit (range 5) 1831 | -10/Mines | Found a damaged Exp. Sensor Array with a note attached 1834 | -10/Mines | Found Prototype Device 1834 | -10/Mines | Identified Exp. Sensor Array 1977 | -10/Mines | Discovered new exit (range 5) 1982 | -10/Mines | Discovered new exit (range 8) 1989 | -10/Mines | Met a Derelict shopkeep closing up shop 2180 | -10/Mines | Entered Materials 2180 | -9/Materials | Evolved 2 slots: Utility x1, Weapon x1 2760 | -9/Materials | Discovered new exit (range 16) 3030 | -9/Materials | Discovered new exit (range 16) 3138 | -9/Materials | Build established: Gunner 3572 | -9/Materials | Repaired Lgt. Treads 3768 | -9/Materials | Discovered new exit (range 16) 3858 | -9/Materials | Learned 2 Storage zone layouts 3874 | -9/Materials | Build established: Mutant 3930 | -9/Materials | Learned location of 1 exit from Storage 3993 | -9/Materials | Loaded intel: 20 trap records 4045 | -9/Materials | Identified exit to Materials 4086 | -9/Materials | Learned Storage trap positions 4117 | -9/Materials | Learned location of 1 exit from Storage 4173 | -9/Materials | Loaded intel: 63 machine locations 4834 | -9/Materials | Build established: Gunner 4980 | -9/Materials | First assault squad dispatched 5157 | -9/Materials | Entered Mines 5223 | -9/Mines | Met a Derelict bent on vengeance 5249 | -9/Mines | Learned 4 Materials zone layouts 5457 | -9/Mines | Found a hidden stash of uninstalled traps 5879 | -9/Mines | Deemed a non-threat by the Exiles lab entrance 5879 | -9/Mines | Discovered new exit (range 5) 5938 | -9/Mines | Assembled infested the area 6006 | -9/Mines | Entered Exiles 6006 | -9/Exiles | Accompanied by 2 allies 6036 | -9/Exiles | Led the pair of lost Derelicts to a safe place 6046 | -9/Exiles | Met 8R-AWN 6075 | -9/Exiles | Met EX-HEX 6135 | -9/Exiles | Met EX-DEC 6189 | -9/Exiles | Learned location of Zion (-6) 6229 | -9/Exiles | Met EX-BIN 6333 | -9/Exiles | Build established: Mutant 6625 | -9/Exiles | Aligned with FarCom system 6627 | -9/Exiles | Given EX-Vault access code 6667 | -9/Exiles | Opened EX-Vault 6680 | -9/Exiles | Found Chronowheel 6714 | -9/Exiles | Warned to stay clear of 0b10 Research branches 6823 | -9/Exiles | Discovered new exit (range 12) 6839 | -9/Exiles | Left Exiles lab with Chronowheel 6839 | -9/Exiles | Entered Mines 7035 | -8/Mines | Discovered exit to Materials (range 10) 7147 | -8/Mines | Build established: Skirmisher 7208 | -8/Mines | Discovered exit to Materials (range 6) 7538 | -8/Mines | Entered Materials 7538 | -8/Materials | Evolved 2 slots: Power x1, Utility x1 7985 | -8/Materials | Build established: Hacker-Skirmisher 9134 | -8/Materials | Discovered new exit (range 16) 9415 | -8/Materials | Learned 2 Lower Caves zone layouts 9482 | -8/Materials | Identified exit to Factory 9586 | -8/Materials | Learned 2 Lower Caves zone layouts 9648 | -8/Materials | Learned Factory terminal intel 9664 | -8/Materials | Learned location of 1 exit from Lower Caves 9692 | -8/Materials | Learned location of 1 exit from Extension 9730 | -8/Materials | Learned 2 Storage zone layouts 9779 | -8/Materials | Learned Factory trap positions 10456 | -8/Materials | Build established: Skirmisher 10459 | -8/Materials | Repaired Imp. Treads 10959 | -8/Materials | Identified exit to Garrison 10962 | -8/Materials | Entered Garrison 11022 | -8/Garrison | Triggered checkpoint 11048 | -8/Garrison | Garrison Relay disabled 11095 | -8/Garrison | Triggered checkpoint 11101 | -8/Garrison | Triggered checkpoint 11128 | -8/Garrison | Destroyed 8 combat bots 11142 | -8/Garrison | Triggered checkpoint 11410 | -8/Garrison | Triggered checkpoint 11794 | -8/Garrison | Triggered checkpoint 11917 | -8/Garrison | Discovered exit to Factory (range 11) 11954 | -8/Garrison | Rescued a captive Derelict 11955 | -8/Garrison | Rescued a captive Derelict 11982 | -8/Garrison | Triggered checkpoint 12006 | -8/Garrison | Garrison Relay disabled 12182 | -8/Garrison | Garrison Relay disabled 12260 | -8/Garrison | Lost 4 allies 12511 | -8/Garrison | System corruption reached 10% 12588 | -8/Garrison | Attempted to access garrison exit controls, blocked by remote lockdown 12684 | -8/Garrison | Attempted to access garrison exit controls, blocked by remote lockdown 12790 | -8/Garrison | Build established: Scavenger-Skirmisher 12824 | -8/Garrison | Entered Factory 12824 | -7/Factory | Evolved 2 slots: Utility x2 12825 | -7/Factory | Identified exit to Storage 12826 | -7/Factory | Loaded intel: 111 trap records 12827 | -7/Factory | Loaded intel: 26 terminal locations 13271 | -7/Factory | Discovered new exit (range 11) 13460 | -7/Factory | Discovered new exit (range 8) 13693 | -7/Factory | Entered Storage 13693 | -7/Storage | Accompanied by 1 ally 13694 | -7/Storage | Identified exit to Factory 13694 | -7/Storage | Identified exit to Recycling 13696 | -7/Storage | Loaded intel: 11 trap records 13824 | -7/Storage | Build established: Hacker-Tank 13934 | -7/Storage | Watched by a mysterious "MATRIX" hacker. 14333 | -7/Storage | Found Prototype Launcher 14333 | -7/Storage | Identified Rocket Array 14338 | -7/Storage | Found Rocket Array 14547 | -7/Storage | Build established: Hacker-Skirmisher 15179 | -7/Storage | Entered Factory 15179 | -6/Factory | Evolved 2 slots: Utility x2 15250 | -6/Factory | Discovered new exit (range 14) 15504 | -6/Factory | Build established: Hacker-Gunner 15607 | -6/Factory | Identified exit to Lower Caves 15607 | -6/Factory | Identified exit to Extension 15883 | -6/Factory | Found Launcher Loader 15965 | -6/Factory | Entered Lower Caves 15966 | -6/Lower Caves | Identified exit to Lower Caves 16198 | -6/Lower Caves | Spotted B-75 Beast 16250 | -6/Lower Caves | Met a Warlord Commander 16251 | -6/Lower Caves | Learned location of Warlord (-4) 16252 | -6/Lower Caves | Warlord Commander delivered Encrypted Comm Array 16255 | -6/Lower Caves | Found Encrypted Comm Array 16256 | -6/Lower Caves | Build established: Gunner 16488 | -6/Lower Caves | Encountered a Warlord checkpoint 16497 | -6/Lower Caves | Entered another Lower Caves area 16613 | -6/Lower Caves | Discovered new exit (range 7) 16805 | -6/Lower Caves | Encountered a Warlord checkpoint 17088 | -6/Lower Caves | Discovered new exit (range 16) 17149 | -6/Lower Caves | Entered Zion 17184 | -6/Zion | System corruption cleaned by Quarantine Array 17258 | -6/Zion | Found Prototype Processor 17258 | -6/Zion | Identified Exp. Signal Interpreter 17266 | -6/Zion | Found Prototype Processor 17266 | -6/Zion | Identified Exp. Armor Integrity Analyzer 17269 | -6/Zion | Found Prototype Processor 17269 | -6/Zion | Identified Exp. Target Analyzer 17272 | -6/Zion | Found Prototype Hackware 17272 | -6/Zion | Identified Exp. Hacking Suite 17295 | -6/Zion | Discovered new exit (range 16) 17453 | -6/Zion | Found Prototype Special Weapon 17453 | -6/Zion | Identified RU-N14's Throwing Claymores 17458 | -6/Zion | Found RU-N14's Throwing Claymores 17461 | -6/Zion | Found RU-N14's Throwing Claymores 17463 | -6/Zion | Found RU-N14's Throwing Claymores 17477 | -6/Zion | Build established: Mutant 17903 | -6/Zion | Received a visual enhancement algorithm 18153 | -6/Zion | Discovered new exit (range 4) 18153 | -6/Zion | Saw the warning signs outside the Deep Caves entrance 18472 | -6/Zion | Found Exp. Signal Interpreter 18577 | -6/Zion | Gained Derelict followers 18654 | -6/Zion | Build established: Gunner 18815 | -6/Zion | Entered Deep Caves 18815 | -6/Deep Caves | Accompanied by 3 allies 19185 | -6/Deep Caves | Attacked by Z-Imprinter 19210 | -6/Deep Caves | Destroyed Z-Imprinter 19225 | -6/Deep Caves | Found Prototype Protection 19225 | -6/Deep Caves | Identified Zio. Weapon Casing 19329 | -6/Deep Caves | Z-Facility disabled 19379 | -6/Deep Caves | Found Prototype Protection 19379 | -6/Deep Caves | Identified Zio. Heavy Carapace 19383 | -6/Deep Caves | Found Zio. Weapon Casing 19635 | -6/Deep Caves | Build established: Mutant 19635 | -6/Deep Caves | Discovered new exit (range 7) 19835 | -6/Deep Caves | Spotted Golem 19872 | -6/Deep Caves | Destroyed Golem 19902 | -6/Deep Caves | Lost 3 parts (2p1u) 19963 | -6/Deep Caves | Core integrity fell below 50% 20054 | -6/Deep Caves | Found Zio. Weapon Casing 20059 | -6/Deep Caves | Found Zio. Weapon Casing 20272 | -6/Deep Caves | Spotted Golem 20312 | -6/Deep Caves | Destroyed Golem 20337 | -6/Deep Caves | Lost 4 parts (4u) 20354 | -6/Deep Caves | Triggered Deep Caves wall 20354 | -6/Deep Caves | Spotted Assembler 20355 | -6/Deep Caves | Destroyed Assembler 20357 | -6/Deep Caves | Exposed GOLEM chamber 20357 | -6/Deep Caves | Spotted Assembler 20363 | -6/Deep Caves | Destroyed Assembler 20387 | -6/Deep Caves | Destroyed 37 combat bots 20388 | -6/Deep Caves | Found GOLEM Unit 20424 | -6/Deep Caves | Found Prototype Storage 20424 | -6/Deep Caves | Identified Superbattery 20858 | -6/Deep Caves | Build established: Golem 21893 | -6/Deep Caves | Found GOLEM Unit 21899 | -6/Deep Caves | Found GOLEM Unit 22113 | -6/Deep Caves | Entered Proximity Caves 22121 | -5/Proximity Caves | Learned Factory stockpile data 22516 | -5/Proximity Caves | Attracted the attention of an 0b10 outpost 22588 | -5/Proximity Caves | Destroyed 7 combat bots 22835 | -5/Proximity Caves | Discovered new exit (range 12) 23393 | -5/Proximity Caves | Entered Factory 23393 | -5/Factory | Evolved 2 slots: Utility x2 23470 | -5/Factory | Discovered new exit (range 4) 23513 | -5/Factory | Identified exit to Upper Caves 23588 | -5/Factory | Identified exit to DSF 23588 | -5/Factory | Entered DSF 23612 | -5/DSF | Additional patrols routed to DSF 23632 | -5/DSF | Discovered new exit (range 14) 23772 | -5/DSF | Sterilization system engaged 23792 | -5/DSF | Ambient heat levels rising (+10) 23807 | -5/DSF | Ambient heat levels rising (+10) 23822 | -5/DSF | Ambient heat levels rising (+10) 23837 | -5/DSF | Ambient heat levels rising (+10) 23852 | -5/DSF | Ambient heat levels rising (+10) 23867 | -5/DSF | Ambient heat levels rising (+10) 23882 | -5/DSF | Ambient heat levels rising (+10) 23897 | -5/DSF | Ambient heat levels rising (+10) 23912 | -5/DSF | Ambient heat levels rising (+10) 23913 | -5/DSF | Entered Factory 23913 | -4/Factory | Evolved 2 slots: Propulsion x1, Utility x1 24267 | -4/Factory | Spotted B-86 Titan 24809 | -4/Factory | Lost 4 parts (1p2u1w) 24981 | -4/Factory | Destroyed 8 combat bots 25053 | -4/Factory | Identified exit to Upper Caves 25053 | -4/Factory | Identified exit to Armory 25318 | -4/Factory | Fabricated Energy Filter? 25428 | -4/Factory | Repaired Lrg. Storage Unit 25722 | -4/Factory | Entered Upper Caves 25771 | -4/Upper Caves | Entered an active Warlord outpost 25778 | -4/Upper Caves | A Commander dispatched an escort 25801 | -4/Upper Caves | Learned Research garrison access intel 26115 | -4/Upper Caves | A Derelict revealed a hidden shortcut to "reach the base" 26285 | -4/Upper Caves | Entered Warlord 26331 | -4/Warlord | System corruption cleaned by Quarantine Array 26452 | -4/Warlord | Received a Watcher feed algorithm from an ecstatic Tinkerer 26552 | -4/Warlord | Found Prototype Reactor 26675 | -4/Warlord | Visited the Vortex Lab 26675 | -4/Warlord | Warlord's base attacked by MAIN.C 26680 | -4/Warlord | Found Prototype Energy Gun 26680 | -4/Warlord | Identified Vortex Rifle 27025 | -4/Warlord | Warlord forces counterattacked 27029 | -4/Warlord | Lost 3 allies 27067 | -4/Warlord | Met Warlord 27126 | -4/Warlord | Spotted Executioner 27128 | -4/Warlord | Destroyed Executioner 27135 | -4/Warlord | Spotted Striker 27191 | -4/Warlord | Spotted Striker 27197 | -4/Warlord | Spotted Striker 27201 | -4/Warlord | Spotted B-90 Cyclops 27206 | -4/Warlord | Spotted Executioner 27216 | -4/Warlord | Spotted Executioner 27219 | -4/Warlord | P-70 Sage assimilated allied AT-EJP(g) 27223 | -4/Warlord | Destroyed B-90 Cyclops 27238 | -4/Warlord | P-70 Sage assimilated allied RN-V9G(M) 27244 | -4/Warlord | Spotted B-86 Titan 27268 | -4/Warlord | Lost 17 allies 27299 | -4/Warlord | Lost 5 parts (1p3u1w) 27350 | -4/Warlord | Warlord base infiltrated, sounded retreat 27408 | -4/Warlord | Lost 13 allies 27410 | -4/Warlord | Lost 8 parts (1n4u3w) 27420 | -4/Warlord | Spotted Striker 27482 | -4/Warlord | Spotted B-86 Titan 27482 | -4/Warlord | Spotted Executioner 27482 | -4/Warlord | Spotted B-90 Cyclops 27483 | -4/Warlord | Spotted Executioner 27494 | -4/Warlord | Discovered new exit (range 12) 27506 | -4/Warlord | Entered Proximity Caves 27530 | -3/Proximity Caves | Lost 8 allies 28413 | -3/Proximity Caves | Spotted B-86 Titan 28462 | -3/Proximity Caves | Discovered new exit (range 17) 28798 | -3/Proximity Caves | Entered Research 28798 | -3/Research | Evolved 2 slots: Propulsion x1, Utility x1 28799 | -3/Research | Loaded intel: 4 garrison access locations 29187 | -3/Research | Discovered new exit (range 9) 29210 | -3/Research | Entered another Research area 29210 | -2/Research | Warlord forces began assault on 0b10 29210 | -2/Research | Evolved 2 slots: Power x1, Utility x1 29235 | -2/Research | Distinguished unit "Cat Herders" dispatched to help 29235 | -2/Research | Distinguished unit "Railsplitters" dispatched to help 29320 | -2/Research | Research machine network offline 29408 | -2/Research | Build established: Hacker-Golem 29435 | -2/Research | Lost 5 allies 29457 | -2/Research | P-80 Master assimilated allied IP-C4N(S) 29458 | -2/Research | Borebot progress halted 29499 | -2/Research | Found Centrium Heavy Armor Plating 29513 | -2/Research | Lost 10 allies 29548 | -2/Research | Identified Vortex Chain Reactor 29658 | -2/Research | Spotted Striker 29686 | -2/Research | Destroyed Striker 29706 | -2/Research | Lost 5 allies 29725 | -2/Research | Lost 5 parts (4u1w) 29863 | -2/Research | Met up with Warlord 29926 | -2/Research | Spotted Striker 29929 | -2/Research | Destroyed Striker 29966 | -2/Research | Lost 4 allies 29994 | -2/Research | Found Prototype Device 29994 | -2/Research | Identified Exp. EM Shield 30001 | -2/Research | Found Faulty Exp. EM Shield 30065 | -2/Research | Discovered new exit (range 17) 30087 | -2/Research | Identified exit to Testing 30090 | -2/Research | Found Prototype Launcher 30090 | -2/Research | Identified Ragnarok Missile Launcher 30248 | -2/Research | Spotted B-90 Cyclops 30282 | -2/Research | Destroyed B-90 Cyclops 30476 | -2/Research | Discovered exit to Testing (range 5) 30654 | -2/Research | Spotted UF-WM9(L) 30662 | -2/Research | Destroyed UF-WM9(L) 30663 | -2/Research | Spotted Striker 30706 | -2/Research | Spotted B-90 Cyclops 30712 | -2/Research | Given Cave Seal Controls access code 30889 | -2/Research | Discovered new exit (range 27) 30926 | -2/Research | Borebot progress halted 31041 | -2/Research | Entered Access 31041 | -1/Access | Evolved 2 slots: Power x1, Utility x1 31130 | -1/Access | Garrison activated, responded to threat 31314 | -1/Access | Discovered new exit (range 8) 31328 | -1/Access | Build established: Wizard-Golem 31400 | -1/Access | Destroyed 7 combat bots 31653 | -1/Access | Spotted B-99 Colossus 31684 | -1/Access | Destroyed B-99 Colossus 31713 | -1/Access | Identified exit to Command 31734 | -1/Access | Garrison activated, responded to threat 32015 | -1/Access | Found Prototype Device 32015 | -1/Access | Identified Exp. Shock Absorption System 32596 | -1/Access | Entered Command 32846 | -1/Command | First assault squad dispatched 32975 | -1/Command | Spotted B-99 Colossus 33117 | -1/Command | Released all parts (15) 33137 | -1/Command | Lost 11 parts (3p2n3u3w) 33145 | -1/Command | Core integrity fell below 50% 33255 | -1/Command | System corruption reached 10% 33296 | -1/Command | Lost 3 parts (2n1w) 33318 | -1/Command | Core integrity fell below 20% 33319 | -1/Command | Spotted B-99 Colossus 33325 | -1/Command | Destroyed by P-80 Master with Gamma Rifle Last Messages --------------- 33309_ Acquired Prototype Hover Unit. 33309_ Identified Cld. Linear Gravjet. 33309_ Faulty integration triggers meltdown. 33317_ C-30 ARC bursts open, deploying its payload. 33317_ B-74 Champion unfolds itself. 33317_ G-73 Enforcer unfolds itself. 33319_ Critical hit (Burn: +37). 33319_ Slug penetrates Wall. 33319_ Penetrated by Slug. 33321_ System corrupted: Heat flow error (+231). 33321_ K-01 Serf cleans the Terminal. 33322_ Critical hit (Burn: +37). 33323_ Knocked back. 33323_ Slug penetrates Wall. 33323_ Penetrated by Slug. 33323_ G-73 Enforcer suffers critical hit (Destroy). 33323_ G-73 Enforcer destroyed. 33325_ K-01 Serf destroyed. Map ----- +----------------------------------------------------+ | ?????????????????????????????????????????????????? | | ?????????????????????????????????????????????????? | | ?????????????????????????????????????????????????? | | ?????????????????????????????????????????????????? | | ?????????????????????????????????????????????????? | | ?????????????????????????????????????????????????? | | ?????????????????????????????????????????????????? | | ?????????????????????????????????????????????????? | | ?????????????????????????????w ???????????????? | | ?????????????????????????? ???????????????? | | ????????????????????????? "??????????????? | | ?????????????????????????# "??????????????? | | ?????????????????????????# "??????????????? | | ???????????????????????### T?????????????? | | ???????????????????????#BB k""#????????????? | | ????????????????????????BB ""#????????????? | | ?????????????????????????" ""#????????????? | | ?????????????????????????# #????????????? | | ?????????????????????????# #????????????? | | ?????????????????????????# #############? | | ?????????????????????????# #? | | ??????????????????????#### #? | | ??????????????????????# #? | | ??????????????????????# #? | | ????????????????????### #? | | ????????????????????+ @ #? | | ????????????????????##### % =b #? | | ????????????????????????# == ##? | | ????????????????????????# !== #?? | | ????????????????????????# g % #?? | | ????????????????????????# g % ### | | ????????????????????????# | | ????????????????????????#+## p | | ???????????????????????????# p | | ??????????????Y????????????# ######### | | ???????????????????????????+ +???????# | | ???????????????????????????# #???????# | | ???????????????????????????# #???????# | | ???????????????????????????# #???????# | | ???????????????????????????? #???????# | | ???????????????????????????? ????#####/## | | ???????????????????????????????????# # | | ???????????????????????????????????# # | | ???????????????????????????????????# + | | ???????????????????????????????????# ####### | | ???????????????????????????????????# #?????? | | ???????????????????????????????????# ! #????## | | ???????????????????????????????????##+######### | | ???????????????????????????????###### | | ???????????????????????????????+ | +----------------------------------------------------+ Best States ------------- Heat Dissipation 96 Energy Generation 85 Energy Capacity 1700 Matter Stores 300 Matter Capacity 300 Sight Range 22 Terrain Scan Density 10 Jamming Range 16 Power Amplification 60 Additional Mass Support 20 Armor Coverage 1200 Resistance: KI 15 Resistance: TH 15 Resistance: EX 15 Resistance: EM 15 Resistance: I 15 Resistance: S 15 Resistance: P 15 Utility Shielding 66 Weapon Shielding 100 Weapon Cycling 25 Phase Shifting 8 Evasion (%) 63 Targeting Accuracy 16 Target Analysis 8 Core Analysis 8 Recoil Reduction 2 Energy Filtering 30 Particle Charging 25 Offensive Hacking 44 Defensive Hacking 26 Authchip Count 1 Item Schematics ----------------- Hcp. Storage Unit | -9/Materials | Scanalyzed Imp. Heat Sink | -9/Materials | Scanalyzed Exp. Sensor Array | -9/Materials | Scanalyzed Arm. Huge Wheel | -7/Factory | Hacked Energy Filter | -7/Factory | Hacked Imp. Utility Shielding | -7/Factory | Hacked Lyr. Medium Armor Plating | -6/Factory | Scanalyzed Robot Schematics ------------------ None Fabricated ------------ Energy Filter | x2 | -4/Factory | Authchip Repaired ---------- Lgt. Treads | 14% | -10/Materials Lgt. Treads | 17% | -9/Materials Imp. Treads | 31% | -8/Materials Lrg. Storage Unit | 19% | -4/Factory Studied --------- Arm. Huge Wheel | -7/Factory | Hacked Gauss Rifle | -7/Factory | Hacked Alien Tech Used ----------------- None Achievements -------------- My Business Is Booming Challenges ------------ None Game ------ Seed SuspensionFusionPerforator Manual? 0 Play Time 04:13:47 Cumulative 608.1 hours Start 2026.03.01 @ 17:12:23 End 2026.03.01 @ 21:47:07 Sessions 1 Manual Loads 0 Difficulty Rogue Special Mode None Game No. 344 Rogue 344 Adventurer 0 Explorer 0 Win Type - Total 22 Types 12/0/6/0/0/0/1/2/1/0 Lore% 90 Gallery% 83 Achievement% 72 Wizard Run 0 Options --------- Layout 1 ASCII 0 Keyboard 0 Movement Numpad Keybinds 0 Fullscreen 2 Font 24/Smallcaps Map View 50x40 Zoom Use 0% Tactical HUD 1 Map Filters NONE Filters NONE Steam 1 RUN: 39f41f8b-e15a-428e-846a-0692b392bf34